Maple Leafs vs Blackhawks (R1)

Created - 15 mai 2013 at 23:13

Goals
1 2 3 OT1 T
Maple Leafs 2 1 1 0 4
Blackhawks 1 1 2 1 5
Shots
1 2 3 OT1 T
Maple Leafs 9 11 19 1 40
Blackhawks 8 16 8 1 33

1st period

1. Blackhawks , Alexei Kovalev 26 (Joe Sakic, Craig Rivet) at 4:26
2. Maple Leafs , Brad Boyes 26 (Dustin Penner, Tobias Enstrom) at 6:54
3. Maple Leafs , Brad Boyes 27 (Derek Roy, Dustin Penner) at 9:52 (PP)

Penalties :
Steve McCarthy (Chi) for Tripping (Minor) at 8:42, Steve Ott (Tor) for Hooking (Minor) at 12:33, Colby Armstrong (Chi) for Tripping (Minor) at 18:26

2nd period

4. Maple Leafs , Zach Parise 24 (Claude Giroux, Alex Goligoski) at 0:16 (PP)
5. Blackhawks , Alexei Kovalev 27 (Joe Sakic) at 14:30

Penalties :
Hnat Domenichelli (Chi) for Slashing (Double Minor) at 3:18, Sergei Shirokov (Chi) for Boarding (Minor) at 10:00, Rob Niedermayer (Tor) for Interference (Minor) at 10:00, Joe Sakic (Chi) for Tripping (Minor) at 12:06, Darryl Sydor (Tor) for Hooking (Minor) at 17:39

3rd period

6. Blackhawks , Brooks Laich 24 (Kristopher Letang) at 0:59
7. Blackhawks , Brad Ference 4 (Joe Sakic) at 8:30
8. Maple Leafs , Claude Giroux 55 (Alex Goligoski, Peter Forsberg) at 15:58 (PP)

Penalties :
Sergei Shirokov (Chi) for Holding (Minor) at 3:15, Steve McCarthy (Chi) for Tripping (Minor) at 10:44, Scott Gomez (Chi) for Hooking (Minor) at 14:47, Darryl Sydor (Tor) for Holding (Minor) at 17:30

Overtime #1

9. Blackhawks , Scott Gomez 27 (Kristopher Letang, Jocelyn Thibault) at 1:51

Penalties :
No Penalty

Goalie Stats

Mike Dunham (Tor), 28 saves from 33 shots - (0,848), OTL, 3-4-3, 61:51 minutes
Jocelyn Thibault (Chi), 36 saves from 40 shots - (0,900), W, 24-18-2, 61:51 minutes

Players Stats for Maple Leafs

Player Name              G  A  P  +/- PIM S  H  SB GA TA FO     MP     PP MP  PK MP  
------------------------------------------------------------------------------------
Alex Goligoski           0  2  2  -1  0   4  1  0  0  1  0/0    20:36   7:46   1:21 
Andy Hilbert             0  0  0  -4  0   0  4  0  0  0  0/1    10:42   0:55   1:30 
Brad Boyes               2  0  2   1  0   5  0  0  0  1  1/1    19:38   6:03   1:33 
Brett Clark              0  0  0  -1  0   2  1  1  0  0  0/0    14:34   0:20   3:27 
Byron Bitz               0  0  0   0  0   1  1  0  1  0  0/0     7:13   0:54   0:00 
Claude Giroux            1  1  2  -1  0   8  0  0  0  0  0/1    24:50   7:10   2:45 
Darryl Sydor             0  0  0  -2  4   4  2  2  1  2  0/0    26:38   6:01   0:53 
Derek Roy                0  1  1   0  0   3  4  0  2  0  5/12   17:39   6:03   0:42 
Dion Phaneuf             0  0  0  -3  0   1  1  0  0  3  0/0    23:17   6:01   3:23 
Dustin Penner            0  2  2   1  0   1  1  1  0  0  0/1    16:06   6:03   0:00 
Jordan Leopold           0  0  0  -1  0   0  0  1  0  1  0/0    10:41   0:20   0:12 
Paul Stastny             0  0  0   0  0   0  0  0  0  0  4/8     6:27   0:08   0:00 
Peter Forsberg           0  1  1  -1  0   5  2  1  1  2  18/40  24:45   7:10   2:54 
Rob Niedermayer          0  0  0  -3  2   0  0  0  2  0  2/7    11:44   0:46   1:33 
Scott Walker             0  0  0  -3  0   0  0  0  0  0  0/1     8:08   0:00   0:00 
Steve Ott                0  0  0   0  2   3  1  0  0  0  0/0     8:39   0:00   0:57 
Tobias Enstrom           0  1  1   0  0   0  2  1  3  0  0/0    28:01   7:46   2:38 
Zach Parise              1  0  1  -1  0   3  0  0  0  0  0/1    19:46   7:09   0:00 

Players Stats for Blackhawks

Player Name              G  A  P  +/- PIM S  H  SB GA TA FO     MP     PP MP  PK MP  
------------------------------------------------------------------------------------
Alexei Kovalev           2  0  2   2  0   5  1  0  2  2  1/3    18:39   3:13   0:00 
Brad Ference             1  0  1   0  0   1  1  1  0  0  0/0    13:32   0:00   6:32 
Brooks Laich             1  0  1   1  0   1  0  0  0  1  3/6    11:36   2:44   1:39 
Chris Gratton            0  0  0   0  0   0  1  1  0  1  8/16   13:27   0:00   7:48 
Colby Armstrong          0  0  0   1  2   2  0  2  1  0  1/1    19:19   0:00   6:29 
Craig Rivet              0  1  1   2  0   2  2  1  1  3  0/0    28:38   1:59   8:50 
Daniel Carcillo          0  0  0   2  0   4  0  0  0  0  0/1    11:27   0:00   2:34 
Denis Hamel              0  0  0   0  0   0  1  0  0  0  0/0     5:12   0:00   0:01 
Francis Bouillon         0  0  0   1  0   1  1  0  0  0  0/0    12:12   0:00   0:51 
Hnat Domenichelli        0  0  0   0  4   3  1  0  1  0  1/2    12:51   0:00   1:48 
Joe Sakic                0  3  3   2  2   4  2  0  2  1  19/28  18:49   3:13   0:00 
Kristopher Letang        0  2  2   2  0   1  1  1  1  0  0/0    23:12   3:58   5:05 
Loui Eriksson            0  0  0   2  0   1  3  1  0  1  1/2    17:20   3:13   0:00 
Nicklas Lidstrom         0  0  0   2  0   4  4  0  2  0  0/0    25:17   3:58   0:12 
Nils Ekman               0  0  0   0  0   0  0  0  0  0  1/1     9:57   0:00   4:07 
Scott Gomez              1  0  1   0  2   3  2  3  0  0  8/13   18:21   2:44   3:48 
Sergei Shirokov          0  0  0   1  4   1  0  1  0  1  0/0    10:29   2:44   0:00 
Steve McCarthy           0  0  0   1  4   0  1  1  0  0  0/0    20:52   1:59   6:44 

3 Stars

1 - Alexei Kovalev (Chi)
2 - Brad Boyes (Tor)
3 - Joe Sakic (Chi)

Power Play

Maple Leafs - 3 on 8 Attempt(s) - 37,50%
Blackhawks - 0 on 3 Attempt(s) - 0,00%

Penalty Kill

Maple Leafs - 3 on 3 Attempt(s) - 100,00% - Score 0 goal in Penalty Kill
Blackhawks - 5 on 8 Attempt(s) - 62,50% - Score 0 goal in Penalty Kill

Official

Referees : Sutherland Kelly and Jackson Dave
Linesman : Don Henderson and Derek Nansen

Game Notes

14:53 of 3rd period - Maple Leafs goal is going for a video replay. After video review, No Goal. The net was displaced accidentally.

Finance

Level 1 -- Attendance: 5494 (91,57%) -- Ticket Income 483 472 $
Level 2 -- Attendance: 4620 (92,40%) -- Ticket Income 244 860 $
Level 3 -- Attendance: 1387 (69,35%) -- Ticket Income 47 158 $
Level 4 -- Attendance: 3725 (93,13%) -- Ticket Income 70 775 $
Luxury Box -- Attendance: 799 (79,90%) -- Ticket Income 139 825 $
Game was played at the Chicago Stadium
Total Attendance: 16025 (89,03%)
Total Ticket Income: 986 090 $
Other Income: 49 304 $
Total Income: 1 035 394 $

Maple Leafs

5 vs 5 Forward 
   Center                   Left Wing                Right Wing               Time % Phy DF OF 
 1 Peter Forsberg           Zach Parise              Claude Giroux            40     1   1  3  
 2 Derek Roy                Dustin Penner            Brad Boyes               30     1   2  2  
 3 Rob Niedermayer          Andy Hilbert             Scott Walker             20     1   2  2  
 4 Paul Stastny             Steve Ott                Byron Bitz               10     1   2  2  

5 vs 5 Defense 
   Defense                  Defense                                           Time % Phy DF OF 
 1 Tobias Enstrom           Darryl Sydor                                      40     1   2  2  
 2 Dion Phaneuf             Brett Clark                                       30     1   2  2  
 3 Alex Goligoski           Jordan Leopold                                    20     1   2  2  
 4 Tobias Enstrom           Darryl Sydor                                      10     1   2  2  

PowerPlay Forward 
   Center                   Left Wing                Right Wing               Time % Phy DF OF 
 1 Peter Forsberg           Zach Parise              Claude Giroux            60     1   2  2  
 2 Derek Roy                Dustin Penner            Brad Boyes               40     1   2  2  

PowerPlay Defense
   Defense                  Defense                                           Time % Phy DF OF 
 1 Tobias Enstrom           Alex Goligoski                                    60     1   2  2  
 2 Dion Phaneuf             Darryl Sydor                                      40     1   2  2  

Penalty Kill 4 Players Forward 
   Center                   Wing                     Time % Phy DF OF 
 1 Peter Forsberg           Claude Giroux            60     1   2  2  
 2 Rob Niedermayer          Brad Boyes               40     1   2  2  

Penalty Kill 4 Players Defense
   Defense                  Defense                  Time % Phy DF OF 
 1 Dion Phaneuf             Darryl Sydor             60     1   2  2  
 2 Tobias Enstrom           Brett Clark              40     1   2  2  

Penalty Kill - 3 Players Forward 
   Forward                                           Time % Phy DF OF 
 1 Peter Forsberg                                    60     1   2  2  
 2 Claude Giroux                                     40     1   2  2  

Penalty Kill - 3 Players Defense
   Defense                  Defense                  Time % Phy DF OF 
 1 Dion Phaneuf             Darryl Sydor             60     1   2  2  
 2 Tobias Enstrom           Brett Clark              40     1   2  2  

4 vs 4 Forward 
   Center                   Wing                     Time % Phy DF OF 
 1 Peter Forsberg           Claude Giroux            60     1   2  2  
 2 Derek Roy                Brad Boyes               40     1   2  2  

4 vs 4 Defense
   Defense                  Defense                  Time % Phy DF OF 
 1 Dion Phaneuf             Darryl Sydor             60     1   2  2  
 2 Tobias Enstrom           Alex Goligoski           40     1   2  2  

Last Minutes Offensive
   Center                   Left Wing                Right Wing               Defense                  Defense                  
   Peter Forsberg           Zach Parise              Claude Giroux            Dion Phaneuf             Tobias Enstrom           

Last Minutes Defensive
   Center                   Left Wing                Right Wing               Defense                  Defense                  
   Peter Forsberg           Zach Parise              Claude Giroux            Dion Phaneuf             Tobias Enstrom           

Goaltenders
Starting : Mike Dunham              
Backup : Marc-André Fleury        

Extra Forwards
Normal : Brad Boyes, Rob Niedermayer, Steve Ott - PP : Brad Boyes, Rob Niedermayer - PK : Steve Ott
Extra Defensemen
Normal : Dion Phaneuf, Jordan Leopold, Tobias Enstrom - PP : Jordan Leopold - PK : Brett Clark, Tobias Enstrom
Penalty Shots
Peter Forsberg, Claude Giroux, Paul Stastny, Brad Boyes, Derek Roy

Blackhawks

5 vs 5 Forward 
   Center                   Left Wing                Right Wing               Time % Phy DF OF 
 1 Joe Sakic                Loui Eriksson            Alexei Kovalev           40     1   2  2  
 2 Scott Gomez              Hnat Domenichelli        Colby Armstrong          30     1   2  2  
 3 Brooks Laich             Daniel Carcillo          Sergei Shirokov          20     1   2  2  
 4 Chris Gratton            Denis Hamel              Nils Ekman               10     1   2  2  

5 vs 5 Defense 
   Defense                  Defense                                           Time % Phy DF OF 
 1 Nicklas Lidstrom         Craig Rivet                                       40     1   2  2  
 2 Steve McCarthy           Kristopher Letang                                 30     1   2  2  
 3 Francis Bouillon         Brad Ference                                      20     1   2  2  
 4 Nicklas Lidstrom         Craig Rivet                                       10     1   2  2  

PowerPlay Forward 
   Center                   Left Wing                Right Wing               Time % Phy DF OF 
 1 Joe Sakic                Loui Eriksson            Alexei Kovalev           60     1   2  2  
 2 Scott Gomez              Brooks Laich             Sergei Shirokov          40     1   2  2  

PowerPlay Defense
   Defense                  Defense                                           Time % Phy DF OF 
 1 Nicklas Lidstrom         Kristopher Letang                                 60     1   2  2  
 2 Craig Rivet              Steve McCarthy                                    40     1   2  2  

Penalty Kill 4 Players Forward 
   Center                   Wing                     Time % Phy DF OF 
 1 Chris Gratton            Colby Armstrong          60     1   2  2  
 2 Scott Gomez              Nils Ekman               40     1   2  2  

Penalty Kill 4 Players Defense
   Defense                  Defense                  Time % Phy DF OF 
 1 Craig Rivet              Steve McCarthy           60     1   2  2  
 2 Brad Ference             Kristopher Letang        40     1   2  2  

Penalty Kill - 3 Players Forward 
   Forward                                           Time % Phy DF OF 
 1 Joe Sakic                                         60     1   2  2  
 2 Alexei Kovalev                                    40     1   2  2  

Penalty Kill - 3 Players Defense
   Defense                  Defense                  Time % Phy DF OF 
 1 Nicklas Lidstrom         Francis Bouillon         60     1   2  2  
 2 Craig Rivet              Kristopher Letang        40     1   2  2  

4 vs 4 Forward 
   Center                   Wing                     Time % Phy DF OF 
 1 Joe Sakic                Alexei Kovalev           60     1   2  2  
 2 Scott Gomez              Loui Eriksson            40     1   2  2  

4 vs 4 Defense
   Defense                  Defense                  Time % Phy DF OF 
 1 Nicklas Lidstrom         Francis Bouillon         60     1   2  2  
 2 Craig Rivet              Kristopher Letang        40     1   2  2  

Last Minutes Offensive
   Center                   Left Wing                Right Wing               Defense                  Defense                  
   Joe Sakic                Hnat Domenichelli        Alexei Kovalev           Nicklas Lidstrom         Francis Bouillon         

Last Minutes Defensive
   Center                   Left Wing                Right Wing               Defense                  Defense                  
   Joe Sakic                Hnat Domenichelli        Alexei Kovalev           Nicklas Lidstrom         Francis Bouillon         

Goaltenders
Starting : Jocelyn Thibault         
Backup : Tyler Weiman             

Extra Forwards
Normal : Colby Armstrong, Daniel Carcillo, Brooks Laich - PP : Colby Armstrong, Daniel Carcillo - PK : Hnat Domenichelli
Extra Defensemen
Normal : Steve McCarthy, Brad Ference, Craig Rivet - PP : Steve McCarthy - PK : Brad Ference, Craig Rivet
Penalty Shots
Joe Sakic, Alexei Kovalev, Scott Gomez, Nils Ekman, Hnat Domenichelli

% Time on Ice - Maple Leafs

Lines # - Real PCT - Wanted PCT - Time Play
Normal Forward
1 - 33% - 40% - 12:37
2 - 29% - 30% - 10:53
3 - 21% - 20% - 8:08
4 - 17% - 10% - 6:19
Normal Defense
1 - 42% - 40% - 15:55
2 - 32% - 30% - 12:09
3 - 24% - 20% - 9:13
4 - 2% - 10% - 0:40
PP Forward
1 - 57% - 60% - 8:04
2 - 43% - 40% - 6:03
PP Defense
1 - 55% - 60% - 7:46
2 - 45% - 40% - 6:21
PK Forward
1 - 74% - 60% - 4:24
2 - 26% - 40% - 1:33
PK Defense
1 - 80% - 60% - 4:44
2 - 20% - 40% - 1:13
PK3 Forward
1 - 0% - 60%
2 - 0% - 40%
PK3 Defense
1 - 0% - 60%
2 - 0% - 40%
44 Forward
1 - 80% - 60% - 3:04
2 - 20% - 40% - 0:46
44 Defense
1 - 56% - 60% - 2:09
2 - 44% - 40% - 1:41
Last Minute Offensive  - 0:00
Last Minute Defensive  - 0:00
Total
Forward - 61:51
Defense - 61:51

% Time on Ice - Blackhawks

Lines # - Real PCT - Wanted PCT - Time Play
Normal Forward
1 - 38% - 40% - 14:16
2 - 30% - 30% - 11:24
3 - 19% - 20% - 7:06
4 - 14% - 10% - 5:11
Normal Defense
1 - 47% - 40% - 17:59
2 - 30% - 30% - 11:28
3 - 18% - 20% - 6:39
4 - 5% - 10% - 1:51
PP Forward
1 - 54% - 60% - 3:13
2 - 46% - 40% - 2:44
PP Defense
1 - 67% - 60% - 3:58
2 - 33% - 40% - 1:59
PK Forward
1 - 71% - 60% - 10:00
2 - 29% - 40% - 4:07
PK Defense
1 - 69% - 60% - 9:41
2 - 31% - 40% - 4:26
PK3 Forward
1 - 0% - 60%
2 - 0% - 40%
PK3 Defense
1 - 0% - 60%
2 - 0% - 40%
44 Forward
1 - 78% - 60% - 2:59
2 - 22% - 40% - 0:51
44 Defense
1 - 55% - 60% - 2:06
2 - 45% - 40% - 1:44
Last Minute Offensive  - 0:00
Last Minute Defensive  - 0:00
Total
Forward - 61:51
Defense - 61:51

Play by Play

1st period


0:01 of 1st period - Joe Sakic wins face-off versus Peter Forsberg in neutral zone.
0:24 of 1st period - Icing by Scott Gomez.
0:25 of 1st period - Derek Roy wins face-off versus Scott Gomez in Blackhawks zone.
0:26 of 1st period - Snap shot by Brad Boyes.
0:26 of 1st period - Shot Blocked by Scott Gomez.
0:32 of 1st period - Slapshot by Nicklas Lidstrom.
0:32 of 1st period - Shot Misses the Net.
0:55 of 1st period - Sergei Shirokov is hit by Dion Phaneuf and loses puck.
1:48 of 1st period - Icing by Francis Bouillon.
1:49 of 1st period - Chris Gratton wins face-off versus Peter Forsberg in Blackhawks zone.
1:58 of 1st period - Snap shot by Peter Forsberg.
1:58 of 1st period - Stopped by Jocelyn Thibault without a rebound.
1:59 of 1st period - Joe Sakic wins face-off versus Peter Forsberg in Blackhawks zone.
2:17 of 1st period - Snap shot by Peter Forsberg.
2:17 of 1st period - Shot Misses the Net.
2:25 of 1st period - Snap shot by Peter Forsberg.
2:25 of 1st period - Shot Misses the Net.
2:27 of 1st period - Wrist shot by Jordan Leopold.
2:27 of 1st period - Shot Blocked by Loui Eriksson.
2:35 of 1st period - Slapshot by Zach Parise.
2:35 of 1st period - Stopped by Jocelyn Thibault without a rebound.
2:36 of 1st period - Derek Roy wins face-off versus Scott Gomez in Blackhawks zone.
2:37 of 1st period - Snap shot by Brad Boyes.
2:37 of 1st period - Shot Misses the Net.
2:48 of 1st period - Off-side.
2:49 of 1st period - Brooks Laich wins face-off versus Rob Niedermayer in neutral zone.
2:58 of 1st period - Slapshot by Darryl Sydor.
2:58 of 1st period - Stopped by Jocelyn Thibault with a rebound.
3:00 of 1st period - Slapshot by Darryl Sydor.
3:00 of 1st period - Stopped by Jocelyn Thibault with a rebound.
3:02 of 1st period - Wrist shot by Rob Niedermayer.
3:02 of 1st period - Shot Misses the Net.
3:04 of 1st period - Snap shot by Andy Hilbert.
3:04 of 1st period - Shot Misses the Net.
3:14 of 1st period - Craig Rivet is hit by Tobias Enstrom and loses puck.
3:25 of 1st period - Backhand shot by Daniel Carcillo.
3:25 of 1st period - Shot Misses the Net.
3:35 of 1st period - Snap shot by Daniel Carcillo.
3:35 of 1st period - Stopped by Mike Dunham with a rebound.
3:37 of 1st period - Snap shot by Kristopher Letang.
3:37 of 1st period - Shot Misses the Net.
3:39 of 1st period - Snap shot by Sergei Shirokov.
3:39 of 1st period - Stopped by Mike Dunham with a rebound.
3:51 of 1st period - Wrist shot by Daniel Carcillo.
3:51 of 1st period - Stopped by Mike Dunham without a rebound.
3:52 of 1st period - Scott Gomez wins face-off versus Derek Roy in Maple Leafs zone.
4:03 of 1st period - Wrist shot by Hnat Domenichelli.
4:03 of 1st period - Shot Blocked by Dustin Penner.
4:24 of 1st period - Snap shot by Alexei Kovalev.
4:24 of 1st period - Shot Blocked by Brett Clark.
4:26 of 1st period - Snap shot by Alexei Kovalev.
4:26 of 1st period - Goal by Alexei Kovalev - Maple Leafs : 0 - Blackhawks : 1.
4:27 of 1st period - Scott Gomez wins face-off versus Derek Roy in neutral zone.
4:54 of 1st period - Darryl Sydor is hit by Denis Hamel.
5:02 of 1st period - Wrist shot by Darryl Sydor.
5:02 of 1st period - Shot Blocked by Kristopher Letang.
5:04 of 1st period - Slapshot by Tobias Enstrom.
5:04 of 1st period - Shot Misses the Net.
5:06 of 1st period - Slapshot by Darryl Sydor.
5:06 of 1st period - Stopped by Jocelyn Thibault without a rebound.
5:07 of 1st period - Joe Sakic wins face-off versus Rob Niedermayer in Blackhawks zone.
5:32 of 1st period - Colby Armstrong is hit by Dustin Penner and loses puck.
5:37 of 1st period - Slapshot by Dustin Penner.
5:37 of 1st period - Stopped by Jocelyn Thibault without a rebound.
5:38 of 1st period - Loui Eriksson wins face-off versus Derek Roy in Blackhawks zone.
5:38 of 1st period - Loui Eriksson is hit by Derek Roy.
5:54 of 1st period - Alex Goligoski is hit by Joe Sakic and loses puck.
6:09 of 1st period - Snap shot by Peter Forsberg.
6:09 of 1st period - Shot Blocked by Scott Gomez.
6:15 of 1st period - Alex Goligoski is hit by Nicklas Lidstrom and loses puck.
6:38 of 1st period - Snap shot by Nils Ekman.
6:38 of 1st period - Deflect By Denis Hamel.
6:38 of 1st period - Shot Misses the Net.
6:38 of 1st period - Puck is out of play.
6:39 of 1st period - Joe Sakic wins face-off versus Derek Roy in Maple Leafs zone.
6:42 of 1st period - Wrist shot by Alexei Kovalev.
6:42 of 1st period - Shot Misses the Net.
6:54 of 1st period - Snap shot by Brad Boyes.
6:54 of 1st period - Goal by Brad Boyes - Maple Leafs : 1 - Blackhawks : 1.
6:55 of 1st period - Joe Sakic wins face-off versus Rob Niedermayer in neutral zone.
7:47 of 1st period - Wrist shot by Daniel Carcillo.
7:47 of 1st period - Stopped by Mike Dunham with a rebound.
8:27 of 1st period - Wrist shot by Rob Niedermayer.
8:27 of 1st period - Shot Misses the Net.
8:42 of 1st period - Minor Penalty to Steve McCarthy for Tripping.
8:43 of 1st period - Peter Forsberg wins face-off versus Chris Gratton in Blackhawks zone.
9:16 of 1st period - Derek Roy is hit by Brad Ference.
9:52 of 1st period - Wrist shot by Brad Boyes.
9:52 of 1st period - Goal by Brad Boyes - Maple Leafs : 2 - Blackhawks : 1.
9:53 of 1st period - Peter Forsberg wins face-off versus Joe Sakic in neutral zone.
9:55 of 1st period - Off-side.
9:56 of 1st period - Peter Forsberg wins face-off versus Joe Sakic in neutral zone.
10:31 of 1st period - Hnat Domenichelli is hit by Derek Roy.
11:15 of 1st period - Slapshot by Nicklas Lidstrom.
11:15 of 1st period - Stopped by Mike Dunham without a rebound.
11:16 of 1st period - Joe Sakic wins face-off versus Peter Forsberg in Maple Leafs zone.
11:21 of 1st period - Snap shot by Nicklas Lidstrom.
11:21 of 1st period - Stopped by Mike Dunham with a rebound.
11:23 of 1st period - Snap shot by Loui Eriksson.
11:23 of 1st period - Shot Blocked by Jordan Leopold.
11:25 of 1st period - Slapshot by Nicklas Lidstrom.
11:25 of 1st period - Shot Misses the Net.
12:17 of 1st period - Brooks Laich is hit by Andy Hilbert and loses puck.
12:33 of 1st period - Minor Penalty to Steve Ott for Hooking.
12:34 of 1st period - Joe Sakic wins face-off versus Peter Forsberg in Maple Leafs zone.
14:33 of 1st period - Penalty to Steve Ott is over, Steve Ott is back on ice.
16:07 of 1st period - Wrist shot by Hnat Domenichelli.
16:07 of 1st period - Stopped by Mike Dunham without a rebound.
16:08 of 1st period - Rob Niedermayer wins face-off versus Daniel Carcillo in Maple Leafs zone.
17:15 of 1st period - Snap shot by Byron Bitz.
17:15 of 1st period - Shot Misses the Net.
17:17 of 1st period - Slapshot by Brett Clark.
17:17 of 1st period - Stopped by Jocelyn Thibault with a rebound.
17:19 of 1st period - Snap shot by Paul Stastny.
17:19 of 1st period - Shot Hit the Post.
17:51 of 1st period - Off-side.
17:52 of 1st period - Joe Sakic wins face-off versus Dustin Penner in neutral zone.
18:26 of 1st period - Minor Penalty to Colby Armstrong for Tripping.
18:27 of 1st period - Chris Gratton wins face-off versus Peter Forsberg in Blackhawks zone.

2nd period


0:01 of 2nd period - Chris Gratton wins face-off versus Peter Forsberg in neutral zone.
0:14 of 2nd period - Slapshot by Claude Giroux.
0:14 of 2nd period - Shot Misses the Net.
0:16 of 2nd period - Snap shot by Zach Parise.
0:16 of 2nd period - Goal by Zach Parise - Maple Leafs : 3 - Blackhawks : 1.
0:17 of 2nd period - Peter Forsberg wins face-off versus Joe Sakic in neutral zone.
0:44 of 2nd period - Dustin Penner is hit by Scott Gomez and loses puck.
0:51 of 2nd period - Snap shot by Colby Armstrong.
0:51 of 2nd period - Stopped by Mike Dunham without a rebound.
0:52 of 2nd period - Scott Gomez wins face-off versus Peter Forsberg in Maple Leafs zone.
0:57 of 2nd period - Wrist shot by Hnat Domenichelli.
0:57 of 2nd period - Stopped by Mike Dunham without a rebound.
0:58 of 2nd period - Scott Gomez wins face-off versus Peter Forsberg in Maple Leafs zone.
1:03 of 2nd period - Slapshot by Nicklas Lidstrom.
1:03 of 2nd period - Deflect By Brett Clark.
1:03 of 2nd period - Stopped by Mike Dunham with a rebound.
1:05 of 2nd period - Snap shot by Colby Armstrong.
1:05 of 2nd period - Shot Misses the Net.
1:07 of 2nd period - Snap shot by Colby Armstrong.
1:07 of 2nd period - Shot Misses the Net.
1:09 of 2nd period - Snap shot by Nicklas Lidstrom.
1:09 of 2nd period - Stopped by Mike Dunham without a rebound.
1:10 of 2nd period - Peter Forsberg wins face-off versus Joe Sakic in Maple Leafs zone.
1:44 of 2nd period - Slapshot by Brad Boyes.
1:44 of 2nd period - Stopped by Jocelyn Thibault with a rebound.
1:50 of 2nd period - Slapshot by Craig Rivet.
1:50 of 2nd period - Stopped by Mike Dunham with a rebound.
2:33 of 2nd period - Icing by Francis Bouillon.
2:34 of 2nd period - Nils Ekman wins face-off versus Peter Forsberg in Blackhawks zone.
2:34 of 2nd period - Chris Gratton is hit by Tobias Enstrom and loses puck.
2:43 of 2nd period - Snap shot by Peter Forsberg.
2:43 of 2nd period - Stopped by Jocelyn Thibault with a rebound.
2:45 of 2nd period - Snap shot by Claude Giroux.
2:45 of 2nd period - Shot Blocked by Brad Ference.
2:49 of 2nd period - Slapshot by Claude Giroux.
2:49 of 2nd period - Stopped by Jocelyn Thibault without a rebound.
2:50 of 2nd period - Joe Sakic wins face-off versus Derek Roy in Blackhawks zone.
2:56 of 2nd period - Nicklas Lidstrom is hit by Derek Roy and loses puck.
3:18 of 2nd period - Double Minor Penalty to Hnat Domenichelli for Slashing.
3:19 of 2nd period - Chris Gratton wins face-off versus Zach Parise in Blackhawks zone.
6:22 of 2nd period - Brooks Laich is hit by Andy Hilbert and loses puck.
7:18 of 2nd period - Penalty to Hnat Domenichelli is over, Hnat Domenichelli is back on ice.
7:49 of 2nd period - Andy Hilbert is hit by Loui Eriksson and loses puck.
8:19 of 2nd period - Brad Boyes is hit by Chris Gratton and loses puck.
8:24 of 2nd period - Wrist shot by Chris Gratton.
8:24 of 2nd period - Shot Misses the Net.
8:26 of 2nd period - Wrist shot by Francis Bouillon.
8:26 of 2nd period - Stopped by Mike Dunham without a rebound.
8:27 of 2nd period - Peter Forsberg wins face-off versus Scott Gomez in Maple Leafs zone.
8:32 of 2nd period - Snap shot by Claude Giroux.
8:32 of 2nd period - Shot Misses the Net.
8:34 of 2nd period - Slapshot by Dion Phaneuf.
8:34 of 2nd period - Shot Blocked by Steve McCarthy.
8:36 of 2nd period - Snap shot by Peter Forsberg.
8:36 of 2nd period - Shot Blocked by Scott Gomez.
8:43 of 2nd period - Icing by Hnat Domenichelli.
8:44 of 2nd period - Joe Sakic wins face-off versus Paul Stastny in Blackhawks zone.
8:49 of 2nd period - Brett Clark is hit by Joe Sakic and loses puck.
9:01 of 2nd period - Icing by Tobias Enstrom.
9:02 of 2nd period - Scott Gomez wins face-off versus Paul Stastny in Maple Leafs zone.
9:11 of 2nd period - Wrist shot by Hnat Domenichelli.
9:11 of 2nd period - Stopped by Mike Dunham with a rebound.
9:13 of 2nd period - Slapshot by Craig Rivet.
9:13 of 2nd period - Shot Misses the Net.
9:15 of 2nd period - Slapshot by Scott Gomez.
9:15 of 2nd period - Shot Hit the Post.
9:17 of 2nd period - Snap shot by Scott Gomez.
9:17 of 2nd period - Stopped by Mike Dunham with a rebound.
9:27 of 2nd period - Peter Forsberg is hit by Loui Eriksson and loses puck.
9:36 of 2nd period - Slapshot by Peter Forsberg.
9:36 of 2nd period - Shot Misses the Net.
9:38 of 2nd period - Snap shot by Peter Forsberg.
9:38 of 2nd period - Stopped by Jocelyn Thibault with a rebound.
9:48 of 2nd period - Wrist shot by Andy Hilbert.
9:48 of 2nd period - Shot Misses the Net.
9:50 of 2nd period - Snap shot by Brett Clark.
9:50 of 2nd period - Stopped by Jocelyn Thibault without a rebound.
9:51 of 2nd period - Brooks Laich wins face-off versus Scott Walker in Blackhawks zone.
9:51 of 2nd period - Brooks Laich is hit by Darryl Sydor.
10:00 of 2nd period - Minor Penalty to Sergei Shirokov for Boarding.
10:00 of 2nd period - Minor Penalty to Rob Niedermayer for Interference.
10:01 of 2nd period - Peter Forsberg wins face-off versus Joe Sakic in Blackhawks zone.
11:11 of 2nd period - Slapshot by Darryl Sydor.
11:11 of 2nd period - Deflect By Kristopher Letang.
11:11 of 2nd period - Stopped by Jocelyn Thibault with a rebound.
11:14 of 2nd period - Icing by Kristopher Letang.
11:15 of 2nd period - Colby Armstrong wins face-off versus Peter Forsberg in Blackhawks zone.
11:22 of 2nd period - Claude Giroux is hit by Kristopher Letang and loses puck.
11:35 of 2nd period - Slapshot by Colby Armstrong.
11:35 of 2nd period - Shot Misses the Net.
11:37 of 2nd period - Slapshot by Kristopher Letang.
11:37 of 2nd period - Deflect By Peter Forsberg.
11:37 of 2nd period - Stopped by Mike Dunham without a rebound.
11:38 of 2nd period - Alexei Kovalev wins face-off versus Peter Forsberg in Maple Leafs zone.
12:00 of 2nd period - Penalty to Sergei Shirokov is over, Sergei Shirokov is back on ice.
12:00 of 2nd period - Penalty to Rob Niedermayer is over, Rob Niedermayer is back on ice.
12:06 of 2nd period - Minor Penalty to Joe Sakic for Tripping.
12:07 of 2nd period - Brad Boyes wins face-off versus Chris Gratton in Blackhawks zone.
14:06 of 2nd period - Penalty to Joe Sakic is over, Joe Sakic is back on ice.
14:30 of 2nd period - Snap shot by Alexei Kovalev.
14:30 of 2nd period - Goal by Alexei Kovalev - Maple Leafs : 3 - Blackhawks : 2.
14:31 of 2nd period - Rob Niedermayer wins face-off versus Loui Eriksson in neutral zone.
14:49 of 2nd period - Icing by Joe Sakic.
14:50 of 2nd period - Joe Sakic wins face-off versus Peter Forsberg in Blackhawks zone.
14:50 of 2nd period - Joe Sakic is hit by Peter Forsberg.
15:02 of 2nd period - Snap shot by Joe Sakic.
15:02 of 2nd period - Stopped by Mike Dunham without a rebound.
15:03 of 2nd period - Scott Gomez wins face-off versus Peter Forsberg in Maple Leafs zone.
15:41 of 2nd period - Icing by Dustin Penner.
15:42 of 2nd period - Derek Roy wins face-off versus Joe Sakic in Maple Leafs zone.
15:51 of 2nd period - Backhand shot by Derek Roy.
15:51 of 2nd period - Shot Misses the Net.
15:53 of 2nd period - Slapshot by Brad Boyes.
15:53 of 2nd period - Stopped by Jocelyn Thibault with a rebound.
15:55 of 2nd period - Slapshot by Darryl Sydor.
15:55 of 2nd period - Deflect By Brad Boyes.
15:55 of 2nd period - Stopped by Jocelyn Thibault with a rebound.
15:57 of 2nd period - Wrist shot by Derek Roy.
15:57 of 2nd period - Stopped by Jocelyn Thibault without a rebound.
15:58 of 2nd period - Hnat Domenichelli wins face-off versus Peter Forsberg in Blackhawks zone.
16:32 of 2nd period - Snap shot by Joe Sakic.
16:32 of 2nd period - Stopped by Mike Dunham without a rebound.
16:33 of 2nd period - Derek Roy wins face-off versus Scott Gomez in Maple Leafs zone.
16:33 of 2nd period - Derek Roy is hit by Scott Gomez.
16:42 of 2nd period - Icing by Kristopher Letang.
16:43 of 2nd period - Scott Gomez wins face-off versus Derek Roy in Blackhawks zone.
16:50 of 2nd period - Slapshot by Scott Gomez.
16:50 of 2nd period - Stopped by Mike Dunham without a rebound.
16:51 of 2nd period - Peter Forsberg wins face-off versus Joe Sakic in Maple Leafs zone.
16:56 of 2nd period - Slapshot by Nicklas Lidstrom.
16:56 of 2nd period - Deflect By Loui Eriksson.
16:56 of 2nd period - Shot Blocked by Darryl Sydor.
16:56 of 2nd period - Puck is out of play.
16:57 of 2nd period - Peter Forsberg wins face-off versus Alexei Kovalev in Maple Leafs zone.
17:06 of 2nd period - Snap shot by Joe Sakic.
17:06 of 2nd period - Stopped by Mike Dunham with a rebound.
17:08 of 2nd period - Wrist shot by Loui Eriksson.
17:08 of 2nd period - Shot Blocked by Darryl Sydor.
17:10 of 2nd period - Snap shot by Craig Rivet.
17:10 of 2nd period - Stopped by Mike Dunham without a rebound.
17:11 of 2nd period - Joe Sakic wins face-off versus Claude Giroux in Maple Leafs zone.
17:28 of 2nd period - Slapshot by Claude Giroux.
17:28 of 2nd period - Stopped by Jocelyn Thibault with a rebound.
17:39 of 2nd period - Minor Penalty to Darryl Sydor for Hooking.
17:40 of 2nd period - Peter Forsberg wins face-off versus Joe Sakic in Maple Leafs zone.
17:55 of 2nd period - Snap shot by Alexei Kovalev.
17:55 of 2nd period - Stopped by Mike Dunham with a rebound.
18:11 of 2nd period - Kristopher Letang is hit by Peter Forsberg and loses puck.
19:39 of 2nd period - Penalty to Darryl Sydor is over, Darryl Sydor is back on ice.

3rd period


0:01 of 3rd period - Joe Sakic wins face-off versus Peter Forsberg in neutral zone.
0:26 of 3rd period - Scott Gomez is hit by Darryl Sydor.
0:59 of 3rd period - Snap shot by Brooks Laich.
0:59 of 3rd period - Goal by Brooks Laich - Maple Leafs : 3 - Blackhawks : 3.
1:00 of 3rd period - Joe Sakic wins face-off versus Peter Forsberg in neutral zone.
1:48 of 3rd period - Kristopher Letang is hit by Andy Hilbert and loses puck.
1:56 of 3rd period - Steve McCarthy is hit by Brett Clark and loses puck.
2:49 of 3rd period - Hnat Domenichelli is hit by Derek Roy and loses puck.
3:15 of 3rd period - Minor Penalty to Sergei Shirokov for Holding.
3:16 of 3rd period - Peter Forsberg wins face-off versus Chris Gratton in Blackhawks zone.
3:19 of 3rd period - Wrist shot by Peter Forsberg.
3:19 of 3rd period - Shot Blocked by Colby Armstrong.
3:21 of 3rd period - Wrist shot by Claude Giroux.
3:21 of 3rd period - Stopped by Jocelyn Thibault with a rebound.
3:23 of 3rd period - Backhand shot by Claude Giroux.
3:23 of 3rd period - Shot Misses the Net.
3:25 of 3rd period - Slapshot by Alex Goligoski.
3:25 of 3rd period - Stopped by Jocelyn Thibault without a rebound.
3:26 of 3rd period - Chris Gratton wins face-off versus Peter Forsberg in Blackhawks zone.
3:47 of 3rd period - Snap shot by Peter Forsberg.
3:47 of 3rd period - Shot Misses the Net.
3:49 of 3rd period - Slapshot by Alex Goligoski.
3:49 of 3rd period - Stopped by Jocelyn Thibault with a rebound.
3:51 of 3rd period - Slapshot by Tobias Enstrom.
3:51 of 3rd period - Shot Misses the Net.
3:53 of 3rd period - Slapshot by Alex Goligoski.
3:53 of 3rd period - Stopped by Jocelyn Thibault without a rebound.
3:54 of 3rd period - Chris Gratton wins face-off versus Derek Roy in Blackhawks zone.
4:22 of 3rd period - Snap shot by Peter Forsberg.
4:22 of 3rd period - Shot Misses the Net.
4:24 of 3rd period - Wrist shot by Darryl Sydor.
4:24 of 3rd period - Shot Misses the Net.
4:26 of 3rd period - Slapshot by Dion Phaneuf.
4:26 of 3rd period - Deflect By Peter Forsberg.
4:26 of 3rd period - Stopped by Jocelyn Thibault without a rebound.
4:27 of 3rd period - Peter Forsberg wins face-off versus Chris Gratton in Blackhawks zone.
4:30 of 3rd period - Snap shot by Peter Forsberg.
4:30 of 3rd period - Shot Misses the Net.
4:32 of 3rd period - Slapshot by Alex Goligoski.
4:32 of 3rd period - Shot Misses the Net.
4:52 of 3rd period - Scott Gomez is hit by Alex Goligoski and loses puck.
5:15 of 3rd period - Penalty to Sergei Shirokov is over, Sergei Shirokov is back on ice.
5:26 of 3rd period - Chris Gratton is hit by Steve Ott and loses puck.
5:39 of 3rd period - Wrist shot by Chris Gratton.
5:39 of 3rd period - Shot Misses the Net.
5:41 of 3rd period - Wrist shot by Chris Gratton.
5:41 of 3rd period - Deflect By Darryl Sydor.
5:41 of 3rd period - Shot Misses the Net.
5:41 of 3rd period - Puck is out of play.
5:42 of 3rd period - Joe Sakic wins face-off versus Andy Hilbert in Maple Leafs zone.
5:59 of 3rd period - Andy Hilbert is hit by Alexei Kovalev and loses puck.
6:47 of 3rd period - Icing by Kristopher Letang.
6:48 of 3rd period - Scott Gomez wins face-off versus Paul Stastny in Blackhawks zone.
7:23 of 3rd period - Wrist shot by Peter Forsberg.
7:23 of 3rd period - Shot Hit the Post.
7:55 of 3rd period - Scott Walker is hit by Craig Rivet and loses puck.
8:02 of 3rd period - Craig Rivet is hit by Andy Hilbert and loses puck.
8:26 of 3rd period - Off-side.
8:27 of 3rd period - Joe Sakic wins face-off versus Peter Forsberg in neutral zone.
8:30 of 3rd period - Slapshot by Brad Ference.
8:30 of 3rd period - Goal by Brad Ference - Maple Leafs : 3 - Blackhawks : 4.
8:31 of 3rd period - Joe Sakic wins face-off versus Peter Forsberg in neutral zone.
8:36 of 3rd period - Snap shot by Alexei Kovalev.
8:36 of 3rd period - Shot Blocked by Tobias Enstrom.
8:38 of 3rd period - Wrist shot by Loui Eriksson.
8:38 of 3rd period - Stopped by Mike Dunham with a rebound.
8:40 of 3rd period - Slapshot by Nicklas Lidstrom.
8:40 of 3rd period - Shot Blocked by Peter Forsberg.
10:24 of 3rd period - Snap shot by Colby Armstrong.
10:24 of 3rd period - Stopped by Mike Dunham without a rebound.
10:25 of 3rd period - Paul Stastny wins face-off versus Scott Gomez in Maple Leafs zone.
10:25 of 3rd period - Paul Stastny is hit by Hnat Domenichelli.
10:31 of 3rd period - Hnat Domenichelli is hit by Byron Bitz and loses puck.
10:44 of 3rd period - Minor Penalty to Steve McCarthy for Tripping.
10:45 of 3rd period - Peter Forsberg wins face-off versus Chris Gratton in Blackhawks zone.
11:00 of 3rd period - Snap shot by Claude Giroux.
11:00 of 3rd period - Stopped by Jocelyn Thibault with a rebound.
12:44 of 3rd period - Penalty to Steve McCarthy is over, Steve McCarthy is back on ice.
13:00 of 3rd period - Wrist shot by Alexei Kovalev.
13:00 of 3rd period - Stopped by Mike Dunham with a rebound.
13:14 of 3rd period - Wrist shot by Daniel Carcillo.
13:14 of 3rd period - Stopped by Mike Dunham without a rebound.
13:15 of 3rd period - Paul Stastny wins face-off versus Brooks Laich in Maple Leafs zone.
13:15 of 3rd period - Paul Stastny is hit by Nicklas Lidstrom.
13:21 of 3rd period - Snap shot by Byron Bitz.
13:21 of 3rd period - Deflect By Steve Ott.
13:21 of 3rd period - Stopped by Jocelyn Thibault without a rebound.
13:22 of 3rd period - Joe Sakic wins face-off versus Paul Stastny in Blackhawks zone.
13:31 of 3rd period - Byron Bitz is hit by Loui Eriksson and loses puck.
13:53 of 3rd period - Alex Goligoski is hit by Francis Bouillon and loses puck.
14:38 of 3rd period - Slapshot by Colby Armstrong.
14:38 of 3rd period - Shot Misses the Net.
14:47 of 3rd period - Minor Penalty to Scott Gomez for Hooking.
14:48 of 3rd period - Peter Forsberg wins face-off versus Chris Gratton in Blackhawks zone.
14:49 of 3rd period - Snap shot by Claude Giroux.
14:49 of 3rd period - Shot Misses the Net.
14:51 of 3rd period - Snap shot by Zach Parise.
14:51 of 3rd period - Stopped by Jocelyn Thibault with a rebound.
14:53 of 3rd period - Slapshot by Dion Phaneuf.
14:53 of 3rd period - Deflect By Chris Gratton.
14:53 of 3rd period - Maple Leafs goal is going for a video replay.
14:53 of 3rd period - The goal is refused. The net was displaced accidentally..
14:54 of 3rd period - Chris Gratton wins face-off versus Peter Forsberg in Blackhawks zone.
15:22 of 3rd period - Off-side.
15:23 of 3rd period - Derek Roy wins face-off versus Hnat Domenichelli in neutral zone.
15:32 of 3rd period - Snap shot by Derek Roy.
15:32 of 3rd period - Stopped by Jocelyn Thibault with a rebound.
15:34 of 3rd period - Wrist shot by Derek Roy.
15:34 of 3rd period - Stopped by Jocelyn Thibault without a rebound.
15:35 of 3rd period - Peter Forsberg wins face-off versus Chris Gratton in Blackhawks zone.
15:44 of 3rd period - Wrist shot by Claude Giroux.
15:44 of 3rd period - Shot Blocked by Craig Rivet.
15:46 of 3rd period - Snap shot by Claude Giroux.
15:46 of 3rd period - Stopped by Jocelyn Thibault without a rebound.
15:47 of 3rd period - Peter Forsberg wins face-off versus Chris Gratton in Blackhawks zone.
15:48 of 3rd period - Snap shot by Claude Giroux.
15:48 of 3rd period - Shot Blocked by Chris Gratton.
15:50 of 3rd period - Slapshot by Claude Giroux.
15:50 of 3rd period - Stopped by Jocelyn Thibault with a rebound.
15:52 of 3rd period - Snap shot by Peter Forsberg.
15:52 of 3rd period - Stopped by Jocelyn Thibault with a rebound.
15:54 of 3rd period - Snap shot by Alex Goligoski.
15:54 of 3rd period - Shot Blocked by Colby Armstrong.
15:56 of 3rd period - Slapshot by Alex Goligoski.
15:56 of 3rd period - Stopped by Jocelyn Thibault with a rebound.
15:58 of 3rd period - Snap shot by Claude Giroux.
15:58 of 3rd period - Goal by Claude Giroux - Maple Leafs : 4 - Blackhawks : 4.
15:59 of 3rd period - Brooks Laich wins face-off versus Rob Niedermayer in neutral zone.
16:51 of 3rd period - Snap shot by Steve Ott.
16:51 of 3rd period - Stopped by Jocelyn Thibault without a rebound.
16:52 of 3rd period - Paul Stastny wins face-off versus Brooks Laich in Blackhawks zone.
16:55 of 3rd period - Slapshot by Steve Ott.
16:55 of 3rd period - Shot Misses the Net.
16:57 of 3rd period - Snap shot by Byron Bitz.
16:57 of 3rd period - Stopped by Jocelyn Thibault without a rebound.
16:58 of 3rd period - Paul Stastny wins face-off versus Brooks Laich in Blackhawks zone.
16:58 of 3rd period - Paul Stastny is hit by Steve McCarthy.
17:08 of 3rd period - Slapshot by Steve Ott.
17:08 of 3rd period - Stopped by Jocelyn Thibault with a rebound.
17:16 of 3rd period - Snap shot by Paul Stastny.
17:16 of 3rd period - Deflect By Byron Bitz.
17:16 of 3rd period - Shot Blocked by Sergei Shirokov.
17:16 of 3rd period - Puck is out of play.
17:17 of 3rd period - Chris Gratton wins face-off versus Rob Niedermayer in Blackhawks zone.
17:26 of 3rd period - Tobias Enstrom is hit by Nicklas Lidstrom and loses puck.
17:30 of 3rd period - Minor Penalty to Darryl Sydor for Holding.
17:31 of 3rd period - Joe Sakic wins face-off versus Peter Forsberg in Maple Leafs zone.
17:32 of 3rd period - Slapshot by Nicklas Lidstrom.
17:32 of 3rd period - Deflect By Alexei Kovalev.
17:32 of 3rd period - Stopped by Mike Dunham with a rebound.
17:34 of 3rd period - Slapshot by Joe Sakic.
17:34 of 3rd period - Stopped by Mike Dunham without a rebound.
17:35 of 3rd period - Peter Forsberg wins face-off versus Joe Sakic in Maple Leafs zone.
18:34 of 3rd period - Tobias Enstrom is hit by Craig Rivet and loses puck.
19:25 of 3rd period - Brett Clark is hit by Nicklas Lidstrom and loses puck.
19:30 of 3rd period - Penalty to Darryl Sydor is over, Darryl Sydor is back on ice.

Overtime #1


0:01 of 1st overtime period - Peter Forsberg wins face-off versus Alexei Kovalev in neutral zone.
0:04 of 1st overtime period - Slapshot by Darryl Sydor.
0:04 of 1st overtime period - Deflect By Claude Giroux.
0:04 of 1st overtime period - Deflect By Joe Sakic.
0:04 of 1st overtime period - Stopped by Jocelyn Thibault with a rebound.
0:48 of 1st overtime period - Wrist shot by Scott Gomez.
0:48 of 1st overtime period - Shot Misses the Net.
1:51 of 1st overtime period - Slapshot by Scott Gomez.
1:51 of 1st overtime period - Goal by Scott Gomez - Maple Leafs : 4 - Blackhawks : 5.


Output by the SimonT Hockey Simulator (STHS) for François Prévost -- Original Page W3C XHTML 1.0 Valid
Hockey Simulator - Hockey Simulation - Hockey Manager